 Dungeon Crawl Stone Soup version 0.25.1-2-g60ff931df9 (webtiles) character file.

Game seed: 10353462144071144154

49 JustSomeDude the Skirmisher (level 3, 0/29 HPs)
             Began as a Demonspawn Monk on Sept 4, 2020.
             Slain by a hound (2 damage)
             ... on level 3 of the Dungeon.
             The game lasted 00:01:49 (2066 turns).

JustSomeDude the Skirmisher (Demonspawn Monk)       Turns: 2066, Time: 00:01:50

Health: 0/29       AC:  2    Str: 11    XL:     3   Next: 51%
Magic:  3/3        EV: 13    Int: 11    God:
Gold:   161        SH:  0    Dex: 16    Spells: 2/2 levels left

rFire    . . .     SeeInvis .   a - +0 falchion
rCold    . . .     Gourm    .   (no shield)
rNeg     . . .     Faith    .   b - +0 robe
rPois    .         Spirit   .   (no helmet)
rElec    .         Reflect  .   (no cloak)
rCorr    .         Harm     .   (no gloves)
MR       .....                  (no boots)
Stlth    ++........             (no amulet)
HPRegen  0.09/turn              (no ring)
MPRegen  0.08/turn              (no ring)

@: no status effects
A: claws 1, hooves 1
a: no special abilities


You were on level 3 of the Dungeon.
You were not hungry.

You visited 1 branch of the dungeon, and saw 3 of its levels.

You collected 161 gold pieces.

Inventory:

Hand Weapons
 a - a +0 falchion (weapon)
Armour
 b - a +0 robe (worn)
Jewellery
 i - an uncursed amulet of magic regeneration {unknown}
 m - a +6 ring of strength {unknown}
 n - an uncursed ring of protection from fire {unknown}
Scrolls
 d - 2 scrolls of noise {unknown}
 e - 2 scrolls of fog {unknown}
 g - 3 scrolls of random uselessness {unknown}
 h - 4 scrolls of remove curse {unknown}
 j - a scroll of enchant armour {unknown}
 k - 4 scrolls of teleportation {unknown}
 l - a scroll of fear {unknown}
 o - a scroll of blinking {unknown}
 p - 2 scrolls of immolation {unknown}
Potions
 f - a potion of curing
Comestibles
 c - 2 rations


   Skills:
 + Level 3.5 Fighting
 + Level 3.3 Long Blades
 + Level 3.1 Dodging
 + Level 1.9 Stealth


You had 2 spell levels left.
You didn't know any spells.
Your spell library was empty.

Dungeon Overview and Level Annotations

Branches:
Dungeon (3/15)

Altars:

Annotations:
D:2 Sigmund


Innate Abilities, Weirdness & Mutations

You have sharp fingernails.
You have large cloven feet.


Message History

You hit the hound.
The hound is heavily wounded.
The hound barely misses you.
You closely miss the hound. You kick the hound, but do no damage.
The hound is heavily wounded.
The hound barely misses you. x2
You hit the hound.
The hound is heavily wounded.
The hound misses you. The hound bites you.
* * * LOW HITPOINT WARNING * * *
You completely miss the hound. Your kick misses the hound.
The hound is heavily wounded.
The hound bites you but does no damage.
You closely miss the hound. You kick the hound, but do no damage.
The hound is heavily wounded.
The hound closely misses you.
You riposte.
You hit the hound. Your kick misses the hound.
The hound is severely wounded.
The hound bites you.
You die...

# #####..........
#.#
###......########
.. #...###...# #
#.##.#.#.###..##
#.
#.............#
.$..#.###.###.#.#
#. # #.....#.#.#
#.###=#.#.###.#
#.†..@h........
#.....###.#.#.###
#.##. ..#.#... #.
.###.# #.# .. ..
... ... #. ## ..
.# #


You could see a hound.

Vanquished Creatures
  A worm (D:3)
  2 dart slugs (D:1)
  2 leopard geckos
  5 bats
  2 giant cockroaches
  4 goblins
  5 hobgoblins
  4 jackals (D:1)
  2 kobolds
  3 frilled lizards
  8 rats
38 creatures vanquished.

Notes
Turn   | Place    | Note
-------+----------+-------------------------------------------
     0 | D:1      | JustSomeDude the Demonspawn Monk began the quest for the
                  | Orb.
     0 | D:1      | Reached XP level 1. HP: 18/18 MP: 1/1
   276 | D:1      | Gained mutation: You have large cloven feet. [demonic
                  | ancestry]
   276 | D:1      | Reached XP level 2. HP: 23/24 MP: 2/2
   855 | D:1      | Gained mutation: You have sharp fingernails. [demonic
                  | ancestry]
   855 | D:1      | Reached XP level 3. HP: 25/29 MP: 3/3
  1443 | D:2      | Noticed Sigmund
  2066 | D:3      | Slain by a hound

Illustrated notes

Levels and vault maps discovered:
D:1:      dpeg_arrival_tiny_j, layout_basic, minmay_hedge_maze,
          minmay_misc_feat_cross, hangedman_decor_lopped
D:2:      minmay_diamond_boxcup, layout_loops_ring, uniq_sigmund
D:3:      layout_loops_corners, first_ration, minmay_misc_feat_roman,
          nrook_uturn, st_stairs_13

Skill      XL: |  1  2 |
---------------+-------+-----
Long Blades    | 3 |  3.3
Dodging        | 3 |  3.1
Fighting       | |  3.5
Stealth        | |  1.9

Action                   || total
-------------------------++-------
Melee: Falchion          ||   110
       Kick              ||    28
  Use: Potion            ||     1
 Stab: Sleeping          ||     8
  Eat: Chunk             ||     4
Armor: Robe              ||    19
Dodge: Dodged            ||    78
       Rpst.: Falchion   ||    27
